 Dungeon Crawl Stone Soup version 0.25.1-9-gc5326a611f (webtiles) character file.

Game seed: 7130764009542423263

18 Oxidus the Conjurer (level 2, 0/13 HPs)
             Began as a Spriggan Conjurer on Jan 3, 2021.
             Shot with a stone by a goblin (5 damage)
             ... on level 2 of the Dungeon.
             The game lasted 00:04:50 (652 turns).

Oxidus the Conjurer (Spriggan Conjurer)              Turns: 652, Time: 00:04:51

Health: 0/13       AC:  2    Str:  4    XL:     2   Next: 48%
Magic:  2/6        EV: 18    Int: 16    God:
Gold:   31         SH:  0    Dex: 16    Spells: 5/6 levels left

rFire    . . .     SeeInvis +   g - +0 hunting sling
rCold    . . .     Gourm    .   (shield restricted)
rNeg     . . .     Faith    .   a - +0 robe
rPois    .         Spirit   .   (helmet restricted)
rElec    .         Reflect  .   (no cloak)
rCorr    .         Harm     .   (gloves unavailable)
MR       .....                  (boots unavailable)
Stlth    ++........             (no amulet)
HPRegen  0.04/turn              (no ring)
MPRegen  0.10/turn              (no ring)

@: very slightly contaminated, very quick
A: very small, unfitting armour, see invisible, herbivore, speed 3, slow
metabolism 2
a: no special abilities


You were on level 2 of the Dungeon.
You were not hungry.

You visited 1 branch of the dungeon, and saw 2 of its levels.

You collected 31 gold pieces.

Inventory:

Hand Weapons
 f - a +0 dagger
 g - a +0 hunting sling (weapon)
Missiles
 h - 15 stones (quivered)
Armour
 a - a +0 robe (worn)
Scrolls
 d - a scroll of identify {unknown}
Potions
 b - a potion of magic {unknown}
 e - a potion of haste {unknown}
Comestibles
 c - 3 rations


   Skills:
 * Level 0.4 Short Blades
 + Level 0.2 Slings
 + Level 3.2 Dodging
 + Level 3.0 Stealth
 + Level 2.9 Spellcasting
 + Level 3.3 Conjurations


You had 5 spell levels left.
You knew the following spells:

 Your Spells              Type           Power        Failure   Level  Hunger
a - Magic Dart            Conj           ##..         4%          1    #......

Your spell library contained the following spells:

 Spells                   Type           Power        Failure   Level  Hunger
 Searing Ray              Conj           ##....       8%          2    ##.....
 Dazzling Flash           Conj/Hex       #.....       28%         3    ###....
 Fulminant Prism          Conj/Hex       #.........   67%         4    #####..
 Iskenderun's Mystic Bla  Conj/Tloc      #.......     67%         4    #####..


Dungeon Overview and Level Annotations

Branches:
Dungeon (2/15)

Altars:


Innate Abilities, Weirdness & Mutations

You are very small and have problems with some larger weapons.
You are too small for most types of armour.
You have supernaturally acute eyesight. (SInv)
You are a herbivore.
You cover ground extremely quickly.
You need to consume almost no food.


Message History

Firing (i - inventory)
h - 17 stones (quivered)
Press: ? - help, Shift-Dir - straight line, f/p - hobgoblin
Aim: a hobgoblin (lightly wounded)
You shoot a stone. The stone hits the hobgoblin.
The hobgoblin is severely wounded.
Firing (i - inventory)
h - 16 stones (quivered)
Press: ? - help, Shift-Dir - straight line, f/p - hobgoblin
Aim: a hobgoblin (severely wounded)
You shoot a stone. The stone hits the hobgoblin.
You kill the hobgoblin!
The goblin shoots a stone.
The stone barely misses you.
Casting: Magic Dart (safe; 4% risk of failure)
Confirm with . or Enter, or press ? or * to list all spells.
Aiming: Magic Dart (safe; 4% risk of failure)
Press: ? - help, Shift-Dir - straight line, f - goblin
Aim: a goblin, wielding a +0 hunting sling and quivering 24 stones You miscast Magic Dart.
You are very lightly contaminated with residual magic.
Nothing appears to happen.
The goblin shoots a stone.
The stone hits you.
You die...

## ##########
##.##@.†(g...#
##...#†######.#
#.....(## #(#
##......# ##.##
.....(..#.#
##.g.##
#####.#...#
#.....##
#.#####
#......# #'
#......# .
##...#.#


You could see a goblin.

Vanquished Creatures
  A dart slug (D:2)
  A giant cockroach (D:1)
  3 goblins
  2 hobgoblins
  A kobold (D:2)
  5 bats
  A frilled lizard (D:1)
  2 rats
16 creatures vanquished.

Notes
Turn   | Place    | Note
-------+----------+-------------------------------------------
     0 | D:1      | Oxidus the Spriggan Conjurer began the quest for the Orb.
     0 | D:1      | Reached XP level 1. HP: 9/9 MP: 5/5
   415 | D:1      | Reached XP level 2. HP: 13/13 MP: 4/6
   652 | D:2      | Shot with a stone by a goblin

Illustrated notes

Levels and vault maps discovered:
D:1:      saegor_arrival_simple_d, layout_loops_corners,
          minmay_misc_feat_more_columns, minmay_tall_x
D:2:      layout_loops_corners, grunt_temple_overflow_open

Skill      XL: |  1 |
---------------+----+-----
Conjurations   | 3 |  3.3
Short Blades   | |  0.4
Slings         | |  0.2
Dodging        | |  3.2
Stealth        | |  3.0
Spellcasting   | |  2.9

Action                   || total
-------------------------++-------
Melee: Dagger            ||     7
       Club              ||     3
       Unarmed           ||     1
 Fire: Hunting sling     ||    15
 Cast: Magic Dart        ||    29
Armor: Robe              ||     9
Dodge: Dodged            ||    36
